Map: Eternal Empire LE

Players

RuFF - Winner!

  • Race: Terran Terran
  • League: Master
  • Spawn Location: 7:00

Velego

  • Race: Protoss Protoss
  • League: Master
  • Spawn Location: 1:00

VOD

Have the link to the VOD?

Description

Time

  • Played on: Dec. 15, 2019, 1:19 p.m.
  • Length: 10:07
Show
View Real Time Build Order
Export as new Build Order

RuFF Terran - Winner!

Build Orders:  

Get SALT Encoding   

  12  0:00  SCV  
  13  0:13  SCV  
  14  0:19  Supply Depot  
  14  0:25  SCV  
  15  0:30  Refinery  
  15  0:41  SCV  
  16  0:45  Barracks  
  16  0:53  SCV  
  17  0:59  Refinery  
  17  1:05  SCV  
  18  1:19  SCV  
  19  1:31  SCV  
  20  1:37  Factory  
  20  1:39  Reaper  
  21  1:44  Orbital Command  
  21  1:54  Supply Depot  
  21  2:11  SCV, Reaper  
  23  2:21  Hellion  
  25  2:23  Supply Depot  
  25  2:25  SCV  
  26  2:33  Starport  
  26  2:38  SCV  
  26  2:42  Hellion  
  26  2:43  Reaper  
  30  2:51  SCV  
  30  2:53  Supply Depot  
  31  3:04  Hellion  
  33  3:16  Fusion Core  
  33  3:25  Barracks Reactor  
  33  3:28  Starport Tech Lab  
  33  3:31  SCV  
  30  4:04  Battlecruiser  
  36  4:10  Factory Tech Lab  
  33  4:33  Marine x2  
  33  4:34  Siege Tank  
  38  4:43  SCV  
  38  4:44  Command Center  
  39  4:51  Marine x2  
  39  5:08  Marine, Siege Tank  
  39  5:09  Marine  
  39  5:13  Medivac  
  46  5:26  Marine  
  47  5:50  Marine  
  47  5:53  Marine, Siege Tank  
  47  5:56  SCV, Orbital Command  
  48  6:08  Marine  
  48  6:11  Marine, Supply Depot x2  
  50  6:22  SCV  
  50  6:23  SCV  
  52  6:28  Marine  
  52  6:29  Marine  
  52  6:32  Siege Tank  
  57  6:34  SCV  
  57  6:35  SCV  
  59  6:46  SCV, Marine  
  61  6:47  Bunker x2, Marine  
  61  6:49  SCV  
  63  6:58  SCV  
  65  7:01  SCV  
  65  7:04  Marine  
  65  7:05  Marine  
  31  8:22  Command Center  
  31  9:38  Supply Depot  
Show
View Real Time Build Order
Export as new Build Order

Velego Protoss 

Build Orders: 1 Gate Expand, Blink Stalkers 

Get SALT Encoding   

  12  0:01  Probe  
  13  0:13  Probe  
  14  0:17  Pylon  
  14  0:25  Probe (Chrono Boost)  
  15  0:35  Gateway  
  15  0:38  Probe (Chrono Boost)  
  16  0:45  Probe (Chrono Boost)  
  16  0:49  Assimilator  
  17  0:52  Probe (Chrono Boost)  
  19  1:04  Probe (Chrono Boost)  
  19  1:13  Probe (Chrono Boost)  
  20  1:23  Nexus  
  20  1:33  Cybernetics Core  
  20  1:36  Probe  
  21  1:44  Assimilator  
  21  1:48  Probe  
  21  1:52  Pylon  
  22  2:01  Probe  
  22  2:08  Stalker (Chrono Boost)  
  23  2:11  Warp Gate  
  23  2:13  Probe  
  26  2:22  Twilight Council  
  26  2:26  Probe (Chrono Boost)  
  27  2:32  Stalker  
  27  2:36  Probe (Chrono Boost)  
  31  2:45  Probe x2 (Chrono Boost)  
  31  2:52  Probe x2  
  33  3:00  Blink (Chrono Boost)  
  33  3:04  Probe  
  34  3:10  Probe  
  34  3:11  Stalker (Chrono Boost)  
  37  3:20  Probe, Gateway  
  37  3:23  Gateway  
  39  3:27  Probe  
  39  3:32  Pylon  
  39  3:36  Probe  
  35  4:00  Stalker  
  34  4:09  Probe x2  
  26  4:18  Stalker x2  
  26  4:21  Probe (Chrono Boost)  
  30  4:26  Probe (Chrono Boost)  
  29  4:33  Probe (Chrono Boost)  
  29  4:35  Probe (Chrono Boost)  
  29  4:38  Probe (Chrono Boost)  
  29  4:40  Probe (Chrono Boost), Stalker  
  33  4:47  Probe  
  33  4:52  Probe  
  35  4:59  Probe  
  36  5:04  Probe  
  37  5:07  Stalker x2  
  37  5:11  Probe  
  42  5:16  Probe  
  42  5:19  Sentry  
  44  5:27  Probe  
  45  5:35  Stalker x2  
  39  5:51  Probe  
  39  5:52  Probe  
  39  5:55  Stalker x2  
  45  5:59  Stalker  
  45  6:03  Probe  
  48  6:04  Probe  
  49  6:11  Pylon  
  49  6:15  Probe  
  49  6:16  Probe  
  51  6:22  Stalker  
  53  6:28  Probe  
  53  6:29  Probe  
  53  6:32  Stalker x2  
  59  6:36  Pylon  
  59  6:40  Probe  
  59  6:43  Probe  
  59  6:46  Pylon  
  61  6:52  Probe  
  61  6:54  Dark Shrine  
  62  7:02  Stalker x2  
  57  7:20  Pylon  
  56  7:23  Pylon  
  26  7:59  Assimilator  
  25  8:56  Nexus  
Tags
 
Add a new tag
Caveats
  • Supply blocks, unpowered buildings, or Contaminate may cause inaccurate times.
  • Supply counts are checked every 10 seconds.